 Dungeon Crawl Stone Soup version 0.31-a0-920-g28cbb04a8c (webtiles) character file.

Game seed: 102466238236313726

2176 javelincjr the Trooper (level 9, -3/72 HPs)
             Began as a Demonspawn Gladiator on Oct 17, 2023.
             Was an Initiate of Makhleb.
             Slain by Duvessa
             ... wielding a +1 short sword of speed
              (16 damage)
             ... on level 7 of the Dungeon.
             The game lasted 00:18:57 (6336 turns).

javelincjr the Trooper (Demonspawn Gladiator)       Turns: 6336, Time: 00:18:58

Health: -3/72      AC:  9    Str: 18    XL:     9   Next: 11%
Magic:  11/11      EV: 14    Int: 16    God:    Makhleb [......]
Gold:   187        SH:  0    Dex: 17    Spells: 8/8 levels left

rFire   . . .        u - +6 mace of Ceohus {freeze, Int+6}
rCold   . . .        (no shield)
rNeg    . . .        x - +0 steam dragon scales
rPois   .            i - +2 helmet
rElec   .            (no cloak)
rCorr   .            (no gloves)
SInv    .            (no boots)
Will    .....        (no amulet)
Stlth   +++          (no ring)
HPRegen 0.32/turn    (no ring)
MPRegen 0.12/turn

%: no passive effects
@: no status effects
A: thin skeletal structure 1, demonic guardian 1, spiny 1
a: Renounce Religion


You were on level 7 of the Dungeon.
You worshipped Makhleb.
Makhleb was noncommittal.
You visited 1 branch of the dungeon, and saw 7 of its levels.

You collected 319 gold pieces.
You spent 132 gold pieces at shops.

Inventory:

Hand Weapons
 a - a +0 trident
 m - a +0 eveningstar
 p - a +0 dagger of venom
 u - the +6 mace of Ceohus (weapon) {freeze, Int+6}
   (You found it on level 5 of the Dungeon)

   Int+6:     It affects your intelligence (+6).
Missiles
 d - 3 throwing nets (quivered)
 e - 7 javelins
 o - 11 poisoned darts
 q - 12 boomerangs
 y - 4 curare-tipped darts
Armour
 b - a +0 leather armour
 c - a +0 helmet
 g - a +2 leather armour of poison resistance
 i - a +2 helmet (worn)
 x - +0 steam dragon scales (worn)
Scrolls
 f - a scroll of torment
 h - a scroll of vulnerability
 l - a scroll of fog
 r - 3 scrolls of teleportation
 s - a scroll of poison
Potions
 j - 2 potions of enlightenment
 k - 2 potions of lignification
 n - a potion of resistance {unknown}
 t - a potion of attraction {unknown}
 v - 2 potions of haste {unknown}
 w - 3 potions of brilliance
 z - a potion of mutation {unknown}
 A - a potion of curing
 B - a potion of cancellation {unknown}
 C - a potion of degeneration {unknown}


   Skills:
 * Level 7.2 Fighting
 + Level 2.7 Maces & Flails
 + Level 5.3 Polearms
 - Level 2.0 Throwing
 + Level 4.2 Armour
 + Level 5.2 Dodging
 + Level 3.8 Invocations


You had 8 spell levels left.
You didn't know any spells.
Your spell library contained the following spells:

 Spells                   Type           Power      Damage    Failure   Level
 Ensorcelled Hibernation  Hex/Ice        0%         N/A       36%         2
 Jinxbite                 Hex            0%         N/A       36%         2
 Scorch                   Fire           0%         2d5       36%         2
 Anguish                  Hex/Necr       0%         N/A       94%         4
 Flame Wave               Conj/Fire      0%         2d4       94%         4
 Passage of Golubria      Tloc           0%         N/A       94%         4
 Silence                  Hex/Air        0%         N/A       100%        5
 Summon Cactus Giant      Summ           0%         N/A       100%        6
 Lehudib's Crystal Spear  Conj/Erth      0%         10d2      100%        8


Dungeon Overview and Level Annotations

Branches:
Dungeon (7/15)             Temple (0/1) D:5

Altars:
Fedhas
Kikubaaqudgha
Makhleb
Okawaru
Qazlal
Ru
Sif Muna
Uskayaw
Wu Jian
Yredelemnul

Shops:
D:4 !

Annotations:
D:7 Duvessa


Innate Abilities, Weirdness & Mutations

You have a somewhat thin skeletal structure. (Dex +2, Stealth+)
A weak demonic guardian rushes to your aid.
You are partially covered in sharp spines.


Message History

Things that are here:
a +0 giant club; an ogre corpse Duvessa is nearby!
Duvessa goes berserk!
You hit Duvessa but do no damage. Duvessa completely misses you.
Duvessa hits you with a +1 short sword of speed!
You sock Duvessa! You freeze Duvessa.
Duvessa is lightly wounded.
Duvessa hits you but does no damage. Duvessa barely misses you.
Duvessa is struck by your spines.
Duvessa hits you with a +1 short sword of speed.
You hit Duvessa but do no damage.
Duvessa is lightly wounded.
Duvessa hits you but does no damage. Duvessa barely misses you.
Duvessa hits you with a +1 short sword of speed!
You barely miss Duvessa.
Duvessa is lightly wounded.
Duvessa barely misses you.
Duvessa hits you with a +1 short sword of speed.
You are too injured to fight recklessly!
You are too injured to fight recklessly!
You hit Duvessa but do no damage.
Duvessa is lightly wounded.
Duvessa hits you with a +1 short sword of speed.
Duvessa is struck by your spines. Duvessa hits you but does no damage.
Duvessa closely misses you.
You thump Duvessa! You freeze Duvessa.
Duvessa is heavily wounded.
Duvessa hits you but does no damage.
Duvessa hits you with a +1 short sword of speed.
Duvessa hits you with a +1 short sword of speed!
* * * LOW HITPOINT WARNING * * *
You sock Duvessa! You freeze Duvessa. You punch Duvessa.
Duvessa is severely wounded.
Duvessa hits you but does no damage.
Duvessa hits you with a +1 short sword of speed.
* * * LOW HITPOINT WARNING * * *
A demonic guardian appears!
Duvessa hits you with a +1 short sword of speed!
You die...

#########.#
#........<#
#...).....########
#.....##..........
#.....###.########
####.##
#...#######
#.####.#....)..#
#.#....'...5...#
#.#.##.#.e@....#
... #.#.##)#### #.
#.#.##.# #
#.#..#.# #.##...#
##..# #..# #..#
#.)#


You could see Duvessa (berserk, ally target) and a friendly quasit (summoned).

Vanquished Creatures
  Maggie (D:7)
  Menkaure (D:6)
  A sky beast (D:6)
  3 black bears
  2 ogres
  A centaur (D:7)
  A phantom (D:6)
  3 scorpions
  Dowan (D:7)
  2 bullfrog zombies (D:5)
  3 hounds
  A jelly (D:5)
  An orc priest (D:5)
  Jessica (D:3)
  Natasha (twice) (D:4)
  5 iguanas
  3 orc wizards
  A hound skeleton (D:5)
  A howler monkey zombie (D:5)
  A howler monkey skeleton (D:5)
  4 adders
  A shadow imp (D:4)
  3 worms (D:2)
  4 dart slugs
  8 orcs
  4 bats
  4 endoplasms
  3 giant cockroaches
  5 goblins
  6 hobgoblins
  4 quokkas
  6 ball pythons
  3 frilled lizards
  6 kobolds
  6 rats
102 creatures vanquished.

Vanquished Creatures (collateral kills)
  An ogre (D:3)
  A bullfrog zombie (D:5)
  A jelly (D:4)
  A hound zombie (D:5)
  A howler monkey zombie (D:5)
  2 adders (D:5)
  An endoplasm (D:1)
8 creatures vanquished.

Grand Total: 110 creatures vanquished

Notes
Turn   | Place    | Note
-------+----------+-------------------------------------------
     0 | D:1      | javelincjr the Demonspawn Gladiator began the quest for the
                  | Orb.
     0 | D:1      | Reached XP level 1. HP: 16/16 MP: 1/1
   156 | D:1      | Gained mutation: A weak demonic guardian rushes to your
                  | aid. [demonic ancestry]
   156 | D:1      | Reached XP level 2. HP: 22/22 MP: 2/2
   968 | D:2      | Found a faded altar of an unknown god.
   996 | D:2      | Reached XP level 3. HP: 28/28 MP: 3/3
  1079 | D:2      | Prayed at the altar of an unknown god.
  1079 | D:2      | Became a worshipper of Sif Muna the Loreminder
  1079 | D:2      | Reached * piety under Sif Muna
  1300 | D:2      | Reached skill level 1 in Armour
  1778 | D:3      | Reached XP level 4. HP: 33/34 MP: 4/4
  1790 | D:3      | You fall into a shaft and drop 1 floor!
  1801 | D:4      | Reached skill level 3 in Fighting
  1812 | D:4      | Noticed a scorpion
  1817 | D:4      | Killed a scorpion
  1828 | D:4      | Reached XP level 5. HP: 11/41 MP: 5/5
  2217 | D:3      | Noticed Jessica
  2227 | D:3      | Killed Jessica
  3005 | D:4      | Noticed an ogre
  3027 | D:3      | Killed an ogre
  3028 | D:3      | Reached skill level 4 in Fighting
  3028 | D:3      | Reached XP level 6. HP: 9/48 MP: 6/6
  3472 | D:4      | Reached ** piety under Sif Muna
  3589 | D:4      | Noticed Natasha
  3597 | D:4      | Killed Natasha
  3652 | D:4      | Noticed Natasha
  3663 | D:4      | Killed Natasha
  3750 | D:4      | Found Vonge's Distillery.
  3759 | D:4      | Bought a potion of curing for 33 gold pieces
  3759 | D:4      | Bought a potion of enlightenment for 55 gold pieces
  3759 | D:4      | Bought a potion of might for 44 gold pieces
  3812 | D:5      | Entered Level 5 of the Dungeon
  3914 | D:5      | Reached skill level 5 in Fighting
  3914 | D:5      | Reached XP level 7. HP: 11/56 MP: 7/7
  4452 | D:5      | Found a basalt altar of Yredelemnul.
  4452 | D:5      | Found a stormy altar of Qazlal.
  4453 | D:5      | Found an ancient bone altar of Kikubaaqudgha.
  4454 | D:5      | Found a shimmering blue altar of Sif Muna.
  4535 | D:5      | Found a burning altar of Makhleb.
  4536 | D:5      | Identified the +6 mace of Ceohus {freeze, Int+6}
  4540 | D:5      | Found a sacrificial altar of Ru.
  4541 | D:5      | Found a hide-covered altar of Uskayaw.
  4542 | D:5      | Found an iron altar of Okawaru.
  4542 | D:5      | Found an ornate altar of the Wu Jian Council.
  4543 | D:5      | Found a blossoming altar of Fedhas.
  4559 | D:5      | Fell from the grace of Sif Muna
  4559 | D:5      | Became a worshipper of Makhleb the Destroyer
  4673 | D:5      | Reached skill level 1 in Invocations
  4747 | D:5      | Reached skill level 1 in Maces & Flails
  4747 | D:5      | Gained mutation: You are partially covered in sharp spines.
                  | [demonic ancestry]
  4747 | D:5      | Reached XP level 8. HP: 43/64 MP: 7/9
  4772 | D:5      | Reached skill level 6 in Fighting
  4998 | D:5      | Found a staircase to the Ecumenical Temple.
  5310 | D:6      | Noticed Menkaure
  5323 | D:6      | Killed Menkaure
  5604 | D:6      | Reached skill level 5 in Polearms
  6030 | D:6      | Reached skill level 5 in Dodging
  6177 | D:7      | Noticed Maggie
  6193 | D:7      | Killed Maggie
  6194 | D:7      | Reached skill level 7 in Fighting
  6194 | D:7      | Gained mutation: You have a somewhat thin skeletal
                  | structure. (Dex +2, Stealth+) [demonic ancestry]
  6194 | D:7      | Reached XP level 9. HP: 60/72 MP: 11/11
  6259 | D:7      | Noticed Duvessa
  6259 | D:7      | Noticed Dowan
  6278 | D:7      | Killed Dowan
  6336 | D:7      | Slain by Duvessa

Illustrated notes

Levels and vault maps discovered:
D:1:      mrwooster_arrival_statue_2, layout_loops_corners
D:2:      layout_basic, ebering_ecumenical_altar_rust, serial_bayou_pond_e,
          supply_closet_lemuel, minmay_hedge_maze
D:3:      layout_basic, uniq_jessica
D:4:      layout_basic, serial_shops, nicolae_lakefront_shop,
          nicolae_elevator_lobby_asterisk, uniq_natasha
D:5:      layout_rooms, nicolae_overflows_in_rows, minmay_temple_entry_hall,
          serial_undead, serial_undead_e, serial_undead_c, serial_undead_a,
          serial_undead_f
D:6:      layout_basic, uniq_menkaure
D:7:      layout_basic, st_stairs_11, uniq_maggie, uniq_duvessa

Skill      XL: |  1  2  3  4  5  6  7  8 |
---------------+-------------------------+-----
Throwing       | 2 |  2.0
Polearms       | 3 4 5 |  5.3
Dodging        | 3 4 5 |  5.2
Armour         | 1 2 3 4 |  4.2
Fighting       | 3 4 5 7 |  7.2
Invocations    | 1 3 |  3.8
Maces & Flails | 1 2 |  2.7

Action                     |  1- 3 |  4- 6 |  7- 9 || total
---------------------------+-------+-------+-------++-------
  Melee: Trident           |    60 |       |       ||    60
         Eveningstar       |    37 |       |       ||    37
         Dagger            |    23 |   154 |    39 ||   216
         Punch             |       |     2 |     4 ||     6
         Mace              |       |       |   100 ||   100
    Use: Scroll            |     6 |       |     7 ||    13
         Potion            |       |     3 |       ||     3
   Stab: Sleeping          |     3 |     1 |       ||     4
 Armour: Leather armour    |    56 |   107 |    97 ||   260
         Steam dragon scal |       |       |    21 ||    21
  Dodge: Dodged            |    66 |   122 |   113 ||   301

Table legend: (Time is in decaauts)
 A = Elapsed time spent in this place.
 B = Non-inter-level travel time spent in this place.
 C = Inter-level travel time spent in this place.
 D = Time resting spent in this place.
 E = Time spent auto-exploring this place.
 F = Levels seen in this place.
 G = Mean time per level.
                   A        B        C        D        E       F      G
               +--------+--------+--------+--------+--------+-----+--------+
         Total |   6410 |   6277 |    133 |    649 |   4390 |   7 |  915.7 |
       Dungeon |   6410 |   6277 |    133 |    649 |   4390 |   7 |  915.7 |
               +--------+--------+--------+--------+--------+-----+--------+

Top non-repeatable levels by time:
     D:3: 1422 daAuts
     D:5: 1186 daAuts
     D:6: 1113 daAuts
     D:1: 936 daAuts
     D:4: 809 daAuts
     D:2: 746 daAuts
     D:7: 197 daAuts
